 Dungeon Crawl Stone Soup version 0.31.0-9-g3a7656b989 (webtiles) character file.

Game seed: 1880704776225160009

53 qw the Shooter (level 3, 0/20 HPs)
             Began as a Deep Elf Hunter on Feb 2, 2024.
             Slain by Robin
             ... wielding a +0 spear
              (3 damage)
             ... on level 2 of the Dungeon.
             The game lasted 00:00:03 (979 turns).

qw the Shooter (Deep Elf Hunter)                     Turns: 979, Time: 00:00:04

Health: 0/20       AC:  3    Str: 10    XL:     3   Next: 62%
Magic:  5/5        EV: 12    Int: 13    God:
Gold:   28         SH:  0    Dex: 18    Spells: 2/2 levels left

rFire   . . .        a - +0 shortbow
rCold   . . .        (shield currently unavailable)
rNeg    . . .        c - +0 leather armour
rPois   .            (no helmet)
rElec   .            (no cloak)
rCorr   .            (no gloves)
SInv    .            (no boots)
Will    .....        g - amulet of regeneration
Stlth   ++           (no ring)
HPRegen 1.03/turn    (no ring)
MPRegen 0.09/turn

%: no passive effects
@: no status effects
A: no striking features
a: no special abilities


You were on level 2 of the Dungeon.
You visited 1 branch of the dungeon, and saw 2 of its levels.

You collected 28 gold pieces.


   Skills:
 - Level 1.5 Fighting
 + Level 7.1 Ranged Weapons
 - Level 2.4 Dodging
 - Level 1.2 Stealth


You had 2 spell levels left.
You didn't know any spells.
Your spell library was empty.

Inventory:

Hand Weapons
 a - a +0 shortbow (weapon)
Armour
 c - a +0 leather armour (worn)
Jewellery
 g - an amulet of regeneration (around neck)
Scrolls
 b - a scroll of fear {unknown}
Potions
 d - 2 potions of curing

Dungeon Overview and Level Annotations

Branches:
Dungeon (2/15)

Altars:

Shops:
D:1 :

Annotations:
D:2 Robin


Message History

You hear a shout!
The goblin shouts!
You hear a shout!
You shoot an arrow. The goblin shouts!
The arrow hits the goblin!
You kill the goblin!
You shoot an arrow. The arrow barely misses the goblin.
The arrow hits the goblin!
You kill the goblin!
The goblin hits you with a +0 club.
A goblin comes into view. It is wielding a +0 club.
You shoot an arrow. The arrow closely misses the goblin.
The goblin hits you but does no damage. The goblin misses you.
You shoot an arrow. The arrow hits the goblin.
You kill the goblin!
The goblin hits you but does no damage.
The goblin unwields a +0 club.
The goblin wields a +0 sling.
The goblin shoots a sling bullet.
The sling bullet barely misses you.
You shoot an arrow.
The arrow hits the goblin but does no damage.
The goblin hits you but does no damage.
A goblin comes into view. It is wielding a +0 dagger.
The goblin shoots a sling bullet.
The sling bullet barely misses you.
You shoot an arrow. The arrow closely misses the goblin.
Robin of the Strong Arm comes into view.
They are wielding a +0 spear.
You shoot an arrow. The arrow barely misses Robin.
The goblin closely misses you.
Robin roars a battlecry!
The goblins go into a battle-frenzy!
The goblin hits you but does no damage. Robin barely misses you.
You shoot an arrow. The arrow hits Robin!
Robin is heavily wounded.
The goblin unwields a +0 sling.
The goblin wields a +0 club.
The goblin hits you with a +0 club. The goblin completely misses you.
Robin throws the goblin at you!
You shoot an arrow. The arrow hits Robin.
Robin is severely wounded.
The goblin hits you with a +0 club. x2; The goblin hits you with a +0 dagger.
Robin hits you with a +0 spear.
You die...
Robin lets out a smug laugh.

#.... #.... #.... ...#
.. +.... ###...# ..
#.... #..... .. #..)g
+.....#####..
###.#.g#####....#.......
......g@g.....#.#.......
###...g##.###.#.#.......
###.# #.......#.......
#. #####...#....... #
#.#.........
#.#..##...## #.##.##...#
#+##..#...# ........##.


You could see Robin and 4 goblins.

Vanquished Creatures
  An adder (D:2)
  2 dart slugs (D:1)
  2 ball pythons
  6 endoplasms
  A giant cockroach (D:1)
  5 hobgoblins
  A quokka (D:1)
  3 bats
  3 frilled lizards (D:1)
  5 goblins
  4 kobolds (D:1)
  4 rats
37 creatures vanquished.

Notes
Turn   | Place    | Note
-------+----------+-------------------------------------------
     0 | D:1      | qw the Deep Elf Hunter began the quest for the Orb.
     0 | D:1      | Reached XP level 1. HP: 12/12 MP: 3/3
     0 | D:1      | 0 ||| qw: Version: 0.3-a-155-g5e7d8dd
     0 | D:1      | 0 ||| qw: Game counter: 385
     0 | D:1      | 0 ||| qw: Melee chars always use a shield: true
     0 | D:1      | 0 ||| qw: God list: Okawaru
     0 | D:1      | 0 ||| qw: Allow faded altars: false
     0 | D:1      | 0 ||| qw: Do Orc after clearing Dungeon:15 true
     0 | D:1      | 0 ||| qw: Do second Lair branch before Depths: true
     0 | D:1      | 0 ||| qw: Lair rune preference: random
     0 | D:1      | 0 ||| qw: Goals: Normal
     0 | D:1      | 0 ||| PLANNING D:1-11
   118 | D:1      | Reached skill level 6 in Ranged Weapons
   118 | D:1      | Reached XP level 2. HP: 16/16 MP: 4/4
   206 | D:1      | You fall into a shaft and drop 1 floor!
   212 | D:2      | 212 ||| DRINKING 2 cyan potions.
   213 | D:2      | 213 ||| DROPPING scroll of butterflies.
   301 | D:1      | Found Neluhooc's Book Shoppe.
   308 | D:1      | 308 ||| READING 2 scrolls labelled CUTIENWANWY.
   308 | D:1      | 308 ||| IDENTIFYING fuming brown potion
   396 | D:1      | Reached XP level 3. HP: 20/20 MP: 5/5
   675 | D:1      | 675 ||| UPGRADING to amulet of regeneration.
   680 | D:1      | 680 ||| READING scroll of identify.
   680 | D:1      | 680 ||| IDENTIFYING purple potion
   681 | D:1      | 681 ||| DROPPING potion of degeneration.
   682 | D:1      | 682 ||| DROPPING potion of attraction.
   819 | D:2      | Reached skill level 7 in Ranged Weapons
   976 | D:2      | Noticed Robin
   979 | D:2      | HP: 3/20 [goblin/+0 dagger[Robin] (3)]
   979 | D:2      | Slain by Robin

Levels and vault maps discovered:
D:1:      lightli_arrival_maybe_door_vault, layout_loops_ring, serial_shops,
          shop, minmay_misc_feat_rows
D:2:      layout_basic, uniq_jessica, uniq_robin

Skill      XL: |  1  2  3 |
---------------+----------+-----
Ranged Weapons | 6 7 |  7.1
Fighting       | |  1.5
Dodging        | |  2.4
Stealth        | |  1.2

Action                     || total
---------------------------++-------
   Fire: Shortbow          ||    76
    Use: Scroll            ||     2
         Potion            ||     1
 Armour: Leather armour    ||    14
  Dodge: Dodged            ||     9

Table legend:
 A = Non-vault XP
 B = Vault XP
 C = Vault XP percentage of total XP
 D = Non-vault monster count
 E = Vault monster count
 F = Vault count percentage of total count
                 A         B        C        D         E       F
            +---------+---------+-------+---------+---------+-------
      Total |      68 |       8 |  10.5 |      33 |       4 |  10.8
            +---------+---------+-------+---------+---------+-------
        D:1 |      46 |       0 |   0.0 |      27 |       0 |   0.0
        D:2 |      22 |       8 |  26.7 |       6 |       4 |  40.0
            +---------+---------+-------+---------+---------+-------
